 Dungeon Crawl Stone Soup version 0.20-a0-9-g62d82d9 (webtiles) character file.

551 JeffiDaFish the Covered (level 7, -5/43 HPs)
             Began as a Gargoyle Fighter on Nov 1, 2016.
             Killed from afar by axecop's ghost (11 damage)
             ... with a puff of frost
             ... on level 5 of the Dungeon.
             The game lasted 00:07:47 (4266 turns).

JeffiDaFish the Covered (Gargoyle Fighter)          Turns: 4266, Time: 00:07:48

Health: -5/43      AC: 12    Str: 22    XL:     7   Next: 29%
Magic:  7/7        EV:  8    Int:  8    God:
Gold:   244        SH:  9    Dex:  9    Spells: 0 memorised, 6 levels left

rFire  + . .     SeeInvis .     a - +3 rapier
rCold  . . .     Gourm    .     b - +0 scale mail
rNeg   + . .     Faith    .     c - +0 shield
rPois  ∞         Spirit   .     (no helmet)
rElec  +         Reflect  .     (no cloak)
rCorr  .         Harm     .     (no gloves)
MR     .....                    (no boots)
Stlth  ..........               (no amulet)
                                (no ring)
                                g - ring of protection from fire

@: no status effects
A: negative energy resistance 1, electricity resistance, unbreathing,
petrification resistance, rot immunity, AC +4
a: no special abilities


You were on level 5 of the Dungeon.
You were very hungry.

You visited 1 branch of the dungeon, and saw 5 of its levels.

You collected 244 gold pieces.

Inventory:

Hand Weapons
 a - a +3 rapier (weapon)
Armour
 b - a +0 scale mail (worn)
 c - a +0 shield (worn)
Jewellery
 g - a ring of protection from fire (left hand)
 i - an uncursed ring of positive energy
Scrolls
 e - 2 scrolls of remove curse
 h - 4 scrolls of identify
Comestibles
 f - 3 bread rations
 j - a beef jerky


   Skills:
 + Level 4.2 Fighting
 + Level 4.8 Short Blades
 + Level 5.0 Armour
 + Level 1.1 Dodging
 + Level 1.2 Stealth
 + Level 4.4 Shields


You had 6 spell levels left.
You didn't know any spells.

Dungeon Overview and Level Annotations

Branches:
Dungeon (5/15)
 Temple: D:4-7

Altars:
Elyvilon
Nemelex Xobeh
Okawaru
Trog

Shops:
D:4 }

Annotations:
D:5 axecop's ghost, novice DEIE


Innate Abilities, Weirdness & Mutations

You are resistant to torment.
Your stone body is resilient. (AC +4)
You are immune to poison.
You resist negative energy. (rN+)
You are resistant to electric shocks. (rElec)
You can survive without breathing.
You are immune to petrification.
You are immune to rotting.


Message History

Axecop's ghost is severely damaged.
Axecop's ghost points at you and mumbles some strange words.
You are frozen.
* * * LOW HITPOINT WARNING * * *
Okay, then.
You completely miss axecop's ghost.
Axecop's ghost is severely damaged.
Axecop's ghost hits you but does no damage.
You completely miss axecop's ghost.
Axecop's ghost is severely damaged.
You are feeling very hungry.
Axecop's ghost barely misses you.
You puncture axecop's ghost!
Axecop's ghost is almost destroyed.
Axecop's ghost barely misses you.
You miss axecop's ghost.
Axecop's ghost is almost destroyed.
Axecop's ghost casts a spell at you. The puff of frost hits you!
You die...

########### #.........#
#.........############
#...W@...............#
........$...##########.<
.....######## ### .###


You could see axecop's ghost.

Vanquished Creatures
  Grinder (D:4)
  An ogre (D:4)
  A hound (D:4)
  An orc priest (D:4)
  Jessica (D:2)
  Natasha (D:2)
  An iguana (D:4)
  An orc wizard (D:4)
  A worker ant (D:4)
  4 adders (D:2)
  An adder skeleton (D:4)
  3 worms
  4 orcs
  2 ball pythons
  3 giant cockroaches
  6 goblins
  8 hobgoblins
  3 jackals (D:3)
  6 kobolds
  3 bats
  A frilled lizard (D:1)
  A jackal skeleton (D:4)
  9 rats
63 creatures vanquished.

Notes
Turn   | Place    | Note
-------+----------+-------------------------------------------
     0 | D:1      | JeffiDaFish the Gargoyle Fighter began the quest for the Orb.
     0 | D:1      | Reached XP level 1. HP: 14/14 MP: 1/1
   594 | D:1      | Reached XP level 2. HP: 19/19 MP: 2/2
   966 | D:2      | Reached XP level 3. HP: 24/24 MP: 3/3
  1342 | D:2      | Found a faded altar of an unknown god.
  1363 | D:2      | Reached skill level 4 in Armour
  1527 | D:2      | Noticed Jessica
  1534 | D:2      | Killed Jessica
  1534 | D:2      | Reached XP level 4. HP: 20/29 MP: 4/4
  1716 | D:2      | Noticed Natasha
  1725 | D:2      | Killed Natasha
  1725 | D:2      | Reached XP level 5. HP: 31/33 MP: 5/5
  1913 | D:3      | Found a white marble altar of Elyvilon.
  2270 | D:3      | Found an iron altar of Okawaru.
  2459 | D:4      | Found Fenlanla's Gadget Shop.
  2501 | D:4      | Found a sparkling altar of Nemelex Xobeh.
  2971 | D:4      | Reached XP level 6. HP: 9/38 MP: 6/6
  3387 | D:4      | Noticed a moth of wrath
  3390 | D:4      | Found a bloodstained altar of Trog.
  3784 | D:4      | Noticed Grinder
  3787 | D:4      | Paralysed by Grinder for 2 turns
  3810 | D:4      | Killed Grinder
  3810 | D:4      | Reached skill level 5 in Armour
  3810 | D:4      | Reached skill level 1 in Dodging
  3810 | D:4      | Reached skill level 1 in Stealth
  3810 | D:4      | Reached XP level 7. HP: 4/43 MP: 7/7
  3814 | D:4      | HP: 2/43 [worker ant (3)]
  4236 | D:5      | Entered Level 5 of the Dungeon
  4249 | D:5      | Noticed axecop's ghost (novice DEIE)
  4266 | D:5      | Killed from afar by axecop's ghost

Vault maps used:
D:1:      elethiomel_arrival_maze
D:2:      ecumenical_altar_2, uniq_natasha, uniq_jessica
D:3:      elyvilon_altar_1, serial_glass, glass_columns_c, glass_columns_b,
          hangedman_decor_points, okawaru_altar_gauntlet_db
D:4:      nicolae_overflow_crystal_walls, tgw_trog, first_bread, serial_shops,
          shop, hangedman_abyss_or_decor_passed, kennysheep_generic_room_14,
          uniq_grinder
D:5:      slow_altar_2, nicolae_overflow_hidden_temple

Skill      XL: |  1  2  3  4  5  6 |
---------------+-------------------+-----
Short Blades   | 2 3 4 |  4.8
Armour         | 4 5 |  5.0
Fighting       | 4 |  4.2
Shields        | 4 |  4.4
Dodging        | 1 |  1.1
Stealth        | 1 |  1.2

Action                   |  1- 3 |  4- 6 |  7- 9 || total
-------------------------+-------+-------+-------++-------
Melee: Rapier            |    81 |   170 |    27 ||   278
  Use: Scroll            |     6 |     3 |     2 ||    11
       Potion            |     4 |     5 |       ||     9
  Eat: Chunk             |     1 |     2 |     1 ||     4
       Bread ration      |     1 |       |       ||     1
       Beef jerky        |       |     1 |       ||     1
Armor: Scale mail        |    33 |    78 |     5 ||   116
Dodge: Dodged            |    22 |    61 |     5 ||    88
Block: Shield            |    38 |    69 |     9 ||   116
